 Dungeon Crawl Stone Soup version 0.30-a0-21-g5d08c37080 (webtiles) character file.

Game seed: 1276517738235693506

455935 Plasmagod the Axe Maniac (level 21, -16/222 HPs)
             Began as a Minotaur Fighter on Aug 23, 2022.
             Was the Champion of Ru.
             Demolished by an Orb Guardian (22 damage)
             ... on level 5 of the Realm of Zot on Aug 24, 2022.
             The game lasted 02:47:04 (52298 turns).

Plasmagod the Axe Maniac (Minotaur Fighter)        Turns: 52298, Time: 02:47:06

Health: -16/222    AC: 37    Str: 38    XL:     21   Next: 98%
Magic:  12/17      EV: 21    Int:  4    God:    Ru [******]
Gold:   5120       SH: 21    Dex: 22    Spells: 20/20 levels left

rFire   + . .      SeeInvis .    c - +9 broad axe "Reimmun" {elec, rF+ rCorr}
rCold   . . .      Faith    .    D - +0 kite shield {rC+}
rNeg    . . .      Spirit   .    U - +5 plate armour {Will+}
rPois   +          Reflect  +    V - +2 hat {Stlth+}
rElec   +          Harm     .    q - +2 cloak
rCorr   +          Rampage  .    b - +0 pair of fencer's gloves {Riposte Dex+3}
Will    ++...                    p - +1 pair of boots
Stlth   ..........               F - amulet "Niugogol" {Reflect Str+3 SH+5 Stlth+}
HPRegen 0.47/turn                z - +6 ring of strength
MPRegen 0.15/turn                Q - ring of Brilliance {rElec rPois Dex+3}

@: exhausted, marked, unable to drink
A: horns 2, no stealth, inability to use devices, inexperienced 1, temperature
sensitive, retaliatory headbutt, talons 1, agile 1, fire resistance 1, low MP 1,
screaming 1, shaggy fur 1, inability to drink after injury 1, MP-powered wands,
sturdy frame 1
}: 3/15 runes: decaying, slimy, gossamer
a: Renounce Religion, Draw Out Power, Power Leap, Apocalypse


You were on level 5 of the Realm of Zot.
You worshipped Ru.
Ru was exalted by your worship.
You visited 9 branches of the dungeon, and saw 45 of its levels.
You also visited: Ossuary, Bailey and Ice Cave.

You collected 6983 gold pieces.
You spent 1863 gold pieces at shops.

Inventory:

Hand Weapons
 c - the +9 broad axe "Reimmun" (weapon) {elec, rF+ rCorr}
   (You found it on level 2 of the Spider Nest)

   It occasionally discharges a powerful burst of electricity upon striking a
   foe.
   rF:        It protects you from fire.
   rCorr:     It protects you from acid and corrosion.
 E - the +1 demon whip of Disarray {flame, Str+3}
   (You took it off a deep elf pyromancer on level 10 of the Dungeon)

   It burns those it strikes, dealing additional fire damage.
   Str:       It affects your strength (+3).
 H - the +10 war axe "Pokkedgh" {vorpal, rC+ rN+ Will+}
   (You acquired it on level 1 of the Realm of Zot)

   It inflicts extra damage upon your enemies.
   rC:        It protects you from cold.
   rN:        It protects you from negative energy.
   Will:      It increases your willpower.
Missiles
 K - 4 throwing nets
 O - 7 atropa-tipped darts (quivered)
Armour
 b - the +0 pair of fencer's gloves (worn) {Riposte Dex+3}
   (You found it on level 2 of the Swamp)

   It allows the wearer to riposte with melee weapons, swiftly retaliating
   against missed or blocked melee attacks.
   Dex:       It affects your dexterity (+3).
 p - a +1 pair of boots (worn)
 q - a +2 cloak (worn)
 D - a +0 kite shield of cold resistance (worn)
 L - a +0 plate armour of fire resistance
 U - a +5 plate armour of willpower (worn)
 V - a +2 hat of stealth (worn)
 W - the +2 pair of gloves "Surikkotut" {+Blink rPois}
   (You found it in an ice cave)

   rPois:     It protects you from poison.
   +Blink:    It lets you blink.
Jewellery
 n - a +4 ring of protection
 z - a +6 ring of strength (left hand)
 A - a ring of resist corrosion
 B - an amulet of regeneration
 F - the amulet "Niugogol" (around neck) {Reflect Str+3 SH+5 Stlth+}
   (You bought it in a shop on level 2 of the Orcish Mines)

   [amulet of reflection]

   It reflects blocked missile attacks.
   Str:       It affects your strength (+3).
   SH:        It affects your SH (+5).
   Stlth:     It makes you more stealthy.
 M - a ring of protection from cold
 Q - the ring of Brilliance (right hand) {rElec rPois Dex+3}
   (You acquired it on level 14 of the Dungeon)

   [ring of poison resistance]

   Dex:       It affects your dexterity (+3).
   rElec:     It insulates you from electricity.
   rPois:     It protects you from poison.
 T - the ring of Inlysh {rF+ rC- Str+5 Int+6}
   (You found it on level 5 of the Pits of Slime)

   [ring of intelligence]

   Str:       It affects your strength (+5).
   Int:       It affects your intelligence (+6).
   rF:        It protects you from fire.
   rC:        It makes you vulnerable to cold.
 Y - a +4 ring of evasion
Scrolls
 f - 10 scrolls of immolation
 h - 8 scrolls of poison
 k - 32 scrolls of teleportation
 l - 6 scrolls of amnesia
 t - a scroll of magic mapping
 w - 2 scrolls of fear
 C - 4 scrolls of blinking
 G - 3 scrolls of silence
 N - 5 scrolls of fog
 P - 7 scrolls of enchant weapon
 R - 4 scrolls of noise
 S - 5 scrolls of torment
 X - 4 scrolls of summoning
Potions
 a - 7 potions of ambrosia
 d - 3 potions of might
 e - 8 potions of curing
 g - 8 potions of brilliance
 i - 3 potions of lignification
 j - 16 potions of flight
 m - 3 potions of invisibility
 o - 4 potions of magic
 r - 6 potions of haste
 s - 3 potions of cancellation
 u - 5 potions of resistance
 v - 6 potions of berserk rage
 x - 2 potions of heal wounds
 I - 9 potions of mutation
 J - 6 potions of attraction


   Skills:
 + Level 26.5 Fighting
 O Level 27 Axes
 - Level 6.0(18.9) Maces & Flails
 - Level 22.4 Armour
 - Level 17.0 Dodging
 - Level 19.0 Shields


You had 20 spell levels left.
You didn't know any spells.
Your spell library contained the following spells:

 Spells                   Type           Power      Damage    Failure   Level
 Apportation              Tloc           0%         N/A       88%         1
 Beastly Appendage        Tmut           0%         N/A       88%         1
 Foxfire                  Conj/Fire      0%         2x1d4     88%         1
 Freeze                   Ice            0%         1d3       88%         1
 Necrotise                Necr           0%         1d4       88%         1
 Sandblast                Erth           0%         2d4       88%         1
 Summon Small Mammal      Summ           0%         N/A       88%         1
 Ensorcelled Hibernation  Hex/Ice        0%         N/A       95%         2
 Passwall                 Tmut/Erth      0%         N/A       95%         2
 Wereblood                Tmut           0%         N/A       95%         2
 Call Canine Familiar     Summ           0%         N/A       99%         3
 Conjure Flame            Conj/Fire      0%         6-21      99%         3
 Dazzling Flash           Conj/Hex       0%         N/A       99%         3
 Frozen Ramparts          Ice            0%         1d1       99%         3
 Ignite Poison            Fire/Tmut/Pois 0%         N/A       99%         3
 Inner Flame              Hex/Fire       0%         N/A       99%         3
 Ozocubu's Armour         Ice            0%         N/A       99%         3
 Portal Projectile        Hex/Tloc       0%         N/A       99%         3
 Spider Form              Tmut/Pois      0%         N/A       99%         3
 Stone Arrow              Conj/Erth      0%         3d7       99%         3
 Swiftness                Air            0%         N/A       99%         3
 Animate Armour           Summ/Erth      0%         N/A       100%        4
 Animate Dead             Necr           0%         N/A       100%        4
 Flame Wave               Conj/Fire      0%         2d4       100%        4
 Hailstorm                Conj/Ice       0%         3d3       100%        4
 Ice Form                 Ice/Tmut       0%         N/A       100%        4
 Iskenderun's Mystic Bla  Conj/Tloc      0%         2d3       100%        4
 Leda's Liquefaction      Hex/Erth       0%         N/A       100%        4
 Petrify                  Tmut/Erth      0%         N/A       100%        4
 Sticky Flame             Conj/Fire      0%         2d3       100%        4
 Agony                    Necr           0%         N/A       100%        5
 Alistair's Intoxication  Tmut/Pois      0%         N/A       100%        5
 Borgnjor's Vile Clutch   Necr/Erth      0%         N/A       100%        5
 Fireball                 Conj/Fire      0%         3d3       100%        5
 Lee's Rapid Deconstruct  Erth           0%         3d5*      100%        5
 Metabolic Englaciation   Hex/Ice        0%         N/A       100%        5
 Silence                  Hex/Air        0%         N/A       100%        5
 Summon Forest            Summ/Tloc      0%         N/A       100%        5
 Summon Mana Viper        Hex/Summ       0%         N/A       100%        5
 Death Channel            Necr           0%         N/A       100%        6
 Simulacrum               Ice/Necr       0%         N/A       100%        6
 Starburst                Conj/Fire      0%         6d3       100%        6
 Statue Form              Tmut/Erth      0%         N/A       100%        6
 Summon Cactus Giant      Summ           0%         N/A       100%        6
 Borgnjor's Revivificati  Necr           0%         N/A       100%        8
 Ignition                 Fire           0%         3d3       100%        8
 Lehudib's Crystal Spear  Conj/Erth      0%         10d2      100%        8
 Necromutation            Tmut/Necr      0%         N/A       100%        8
 Death's Door             Necr           0%         N/A       100%        9


Dungeon Overview and Level Annotations

Branches:
Dungeon (15/15)            Temple (1/1) D:4            Lair (5/5) D:11
  Swamp (4/4) Lair:3       Spider (4/4) Lair:3        Slime (5/5) Lair:4
    Orc (2/2) D:11            Elf (0/3) Orc:2        Vaults (0/5) D:14
 Depths (4/4) D:15            Zot (5/5) Depths:4    Ossuary (visited)
 Bailey (visited)           IceCv (visited)

Altars:
Cheibriados
Gozag
Hepliaklqana
Nemelex Xobeh
Qazlal
Ru
Vehumet
Wu Jian
Yredelemnul
Zin
The Shining One
Jiyva
Lugonu

Shops:
D:4 *!?!:?   D:5 :   D:6 (   Orc:2 [*=[

Portals:
Hell: Depths:1 Depths:2 Depths:3
Abyss: Depths:1 Depths:3
Pandemonium: Depths:1 Depths:2 Depths:4
Ziggurat: Depths:4

Annotations:
D:11 3 runed translucent doors, tensugalgo's ghost, journeyman OgNe
Depths:2 3 runed translucent doors, Qoufonk's ghost, veteran GrFi
Depths:4 exclusions: hell beast, hellion, reaper and 4 more exclusions
Zot:3 1 transporter, 1 runed translucent door, Kebianal's ghost, legendary MiBe
Zot:4 2 transporters
Zot:5 1 exclusion


Innate Abilities, Weirdness & Mutations

You have a pair of horns on your head.
You cannot be stealthy.
You cannot study or use magical devices.
You are somewhat inexperienced. (-1 XL)
You are sensitive to extremes of temperature. (rF-, rC-)
You reflexively headbutt those who attack you in melee.
You have sharp toenails.
You are agile. (Dex +4, Str/Int -1)
Your flesh is heat resistant. (rF+)
Your magical capacity is low. (-10% MP)
You occasionally shout uncontrollably at your foes.
You are covered in fur. (AC +1)
You occasionally lose the ability to drink potions when taking damage.
You expend magic power (3 MP) to strengthen your wands.
Your movements are slightly less encumbered by armour. (ER -2)


Message History

Press: ? - help, Dir - move target
As you read the scroll of blinking, it crumbles to dust.
Your surroundings suddenly seem different.
You block the Orb Guardian's attack. The Orb Guardian completely misses you.
You furiously retaliate!
You headbutt the Orb Guardian!
The Orb Guardian is stunned by your conviction and fails to attack.
An Orb Guardian comes into view.
You block the tentacled monstrosity's attack.
The tentacled monstrosity barely misses you.
The tentacled monstrosity tentacle-slaps you but does no damage.
You block the tentacled monstrosity's attack.
You riposte.
You barely miss the tentacled monstrosity.
Your headbutt misses the tentacled monstrosity.
The tentacled monstrosity is heavily wounded.
You hit the Orb Guardian but do no damage.
You barely miss the Orb Guardian. You slash the Orb Guardian!
You open the Orb Guardian like a pillowcase!!!
You slash the Orb Guardian!
Press: ? - help, v - describe, . - travel A permanent teleport trap.
As you read the scroll of fear, it crumbles to dust.
You assume a fearsome visage.
The Orb Guardian looks frightened!
The Orb Guardian resists with almost no effort. x3
The Orb Guardian looks frightened!
The Orb Guardian resists with almost no effort. x2
The Orb Guardian looks frightened!
The Orb Guardian easily resists.
The Orb Guardian resists with almost no effort.
The death cob is unaffected.
The tentacled monstrosity resists with almost no effort.
The moth of wrath looks frightened!
You block the Orb Guardian's attack.
You riposte.
You closely miss the Orb Guardian. You headbutt the Orb Guardian.
The Orb Guardian is heavily wounded.
You slice the Orb Guardian!!
You kill the Orb Guardian!
You miss the Orb Guardian. You slice the Orb Guardian!!
You slash the tentacled monstrosity! You slice the Orb Guardian!!
The Orb Guardian hits you but does no damage.
The Orb Guardian hits you!!
You die...

################*********
*#..............## *,,,,
**.?../...........## **,,,
**,..^?.........^^^.## *,,,
*,,.......^.)......[.# **,,
*,^...^..............# *,,
*,,..:..^...y...^...^# **,,
*,,.......XXX........# *,,,
*,,........@X.X......# **,,,
*,,.^...^..X..z......#**,,,,
**,,^.....XX........##*,,,**
**,......X........##,,,,**
**.......$........,,,***
*▓....X##▓▓▓▓▓▓▓▓****
**......,,,,,,,,,****
**,......,,,,,,,,,,,,***
**,,,,,,,,,,,,,,,,,,,,,,**


You could see a tentacled monstrosity, a death cob, 9 Orb Guardians and a moth
of wrath (fleeing).

Vanquished Creatures
  the Royal Jelly (Slime:5)
  An ancient lich (Zot:5)
  4 dread liches (Zot:5)
  An orb of fire (Zot:5)
  Vv (Zot:3)
  3 Killer Klowns
  A curse toe (Zot:2)
  11 golden dragons
  Arachne (Spider:2)
  A bone dragon (Depths:4)
  3 electric golems
  Jorgrun (Spider:1)
  10 tentacled monstrosities
  A walking crystal tome (Depths:3)
  A lich (Depths:2)
  A walking earthen tome (Depths:2)
  A titan (Depths:3)
  13 Orb Guardians (Zot:5)
  A walking frostbound tome (Depths:4)
  7 quicksilver dragons
  8 death cobs
  A quicksilver dragon (shapeshifter) (Depths:2)
  19 acid blobs
  Frances (Spider:1)
  A sphinx (Depths:1)
  Donald (Spider:1)
  4 shadow dragons
  Gastronok (Lair:3)
  14 storm dragons
  3 thorn hunters
  3 tengu reavers (Depths:3)
  10 azure jellies
  3 draconian knights
  3 fire giants (Depths:2)
  12 rockslimes
  11 draconian monks
  7 draconian scorchers
  6 emperor scorpions
  5 frost giants
  Louise (D:14)
  5 ghost moths
  A caustic shrike zombie (Depths:2)
  6 draconian stormcallers
  8 draconian shifters
  6 draconian annihilators
  3 reapers (IceCv)
  13 quicksilver oozes
  A spriggan defender (Depths:4)
  13 very ugly things (Depths:1)
  5 broodmothers
  7 green draconians
  9 stone giants
  An eleionoma (Swamp:4)
  3 vampire knights
  A minotaur (Lair:5)
  2 dire elephants (Lair:5)
  12 red draconians
  Azrael (Orc:2)
  7 bunyips
  12 white draconians
  7 yellow draconians
  8 entropy weavers
  7 purple draconians
  11 black draconians
  7 spark wasps
  The ghost of Kene the Unseen, a journeyman SpEn of Dithmenos (Lair:5)
  A blizzard demon (Depths:4)
  4 ettins
  2 merfolk javelineers (Depths:3)
  Josephine (Orc:2)
  3 great orbs of eyes
  12 fire dragons
  2 ice dragons
  Erolcha (D:9)
  8 boulder beetles
  A spriggan air mage (Depths:4)
  4 rakshasas
  24 hydras
  7 ogre magi
  A ghost crab (Swamp:4)
  2 catoblepae
  5 centaur warriors
  The ghost of Rimem the Fighter, a novice PaBe of Trog (Lair:1)
  35 two-headed ogres
  3 jorogumos
  2 deep troll shamans
  5 alligators
  4 tengu warriors
  5 deep troll earth magi
  8 death yaks (Lair:5)
  A titan zombie (Depths:2)
  5 spriggan berserkers
  3 hell knights (Depths:4)
  8 sun demons
  3 soul eaters
  2 sun moths
  4 iron trolls
  6 deep trolls
  A flayed ghost (Depths:3)
  5 pharaoh ants
  4 steelbarb worms
  9 orb spiders
  9 swamp dragons
  7 goliath frogs
  3 spriggan druids
  A wizard (D:10)
  Pikel (D:7)
  A glowing orange brain (Slime:4)
  10 bog bodies
  2 obsidian statues (IceCv)
  A spriggan simulacrum (IceCv)
  2 phantasmal warriors (Depths:2)
  4 necromancers
  A lindwurm (shapeshifter) (Depths:3)
  5 deep elf pyromancers
  An orc knight (Bailey)
  2 lindwurms (Lair:5)
  25 ugly things
  A fire giant zombie (Depths:2)
  22 wolf spiders
  6 shining eyes
  An orc sorcerer (D:15)
  A will-o-the-wisp (Swamp:2)
  5 manticores
  An elephant (shapeshifter) (D:14)
  A manticore (shapeshifter) (Depths:3)
  6 cyclopes
  6 black mambas
  2 rust devils
  2 eyes of devastation
  6 torpor snails
  22 moths of wrath
  5 cane toads
  6 elephants
  6 smoke demons
  A cane toad (shapeshifter) (D:14)
  2 centaur skeletons (D:15)
  3 gargoyles
  An unseen horror (shapeshifter) (D:14)
  3 kobold demonologists (D:10)
  An efreet (D:15)
  An unseen horror (D:11)
  6 rime drakes
  A tormentor (Depths:1)
  3 freezing wraiths (IceCv)
  6 demonic crawlers
  9 komodo dragons
  An anaconda simulacrum (IceCv)
  A red devil (Depths:4)
  A tengu conjurer (Depths:1)
  2 merfolk (shapeshifter)
  An ice devil (Depths:4)
  2 polar bears
  4 golden dragon simulacra (IceCv)
  4 trolls
  2 bloated husks
  A harpy zombie (D:15)
  17 hornets
  11 tyrant leeches
  16 tarantellas
  Grinder (D:5)
  91 slime creatures
  18 blink frogs
  A blink frog (shapeshifter) (D:14)
  10 dream sheep (Lair:5)
  22 jumping spiders
  A dire elephant simulacrum (IceCv)
  8 wyverns
  10 water elementals
  16 culicivoras
  A ynoxinul (Depths:4)
  A human (shapeshifter) (D:15)
  14 spriggans
  3 fire bats (D:10)
  A vampire (D:12)
  5 basilisks
  42 yaks
  5 fire elementals
  Eustachio (D:6)
  8 golden eyes
  4 steam dragons
  4 wraiths
  56 redbacks
  A chaos spawn (Depths:4)
  8 vampire mosquitoes
  Menkaure (Ossuary)
  A minotaur simulacrum (IceCv)
  2 wargs (Orc:1)
  2 acid dragons
  14 swamp worms
  4 hell hounds (Orc:2)
  5 hydra simulacra (IceCv)
  11 water moccasins
  A floating eye (shapeshifter) (Depths:2)
  10 swamp drakes
  22 orc warriors
  7 black bears
  An alligator simulacrum (IceCv)
  29 ogres
  3 ettin simulacra (IceCv)
  4 boggarts (D:14)
  2 wolves (Lair:5)
  2 lemures (D:7)
  18 centaurs
  2 phantoms
  3 kobold brigands (D:10)
  12 bullfrogs
  3 gnoll sergeants
  4 necrophages
  A scorpion (D:11)
  15 wights
  2 howler monkeys
  2 electric eels
  3 hounds (D:7)
  A jelly (D:5)
  A gnoll bouda (D:4)
  20 orc priests
  6 iguanas
  35 orc wizards
  A boggart skeleton (D:15)
  4 mummies
  20 gnolls
  9 adders
  3 white imps
  2 worms
  A dart slug (D:1)
  98 orcs
  2 bats
  8 endoplasms
  5 giant cockroaches
  8 hobgoblins
  3 quokkas
  6 ball pythons
  4 frilled lizards
  3 gnoll skeletons (Ossuary)
  3 gnoll zombies (Ossuary)
  5 goblins
  3 goblin skeletons (Ossuary)
  5 goblin zombies (Ossuary)
  5 hobgoblin skeletons (Ossuary)
  5 hobgoblin zombies (Ossuary)
  17 kobolds
  3 kobold skeletons (Ossuary)
  7 kobold zombies
  6 orc skeletons (Ossuary)
  7 orc zombies
  7 rats
  5 rat skeletons (Ossuary)
  2 rat zombies (Ossuary)
  16 briar patches
1655 creatures vanquished.

Vanquished Creatures (others)
  A quicksilver dragon (Zot:4)
  A storm dragon (Zot:1)
  A shadow dragon (Depths:3)
  A draconian monk (Zot:2)
  2 rockslimes
  A draconian annihilator (Zot:3)
  A purple draconian (Depths:4)
  The ghost of ksawer the Severer, a journeyman MiFi of Uskayaw (Swamp:1)
  A fire dragon (Depths:3)
  2 two-headed ogres
  A death yak (Lair:5)
  An orb spider (Spider:4)
  A wolf spider (Spider:4)
  A moth of wrath (Zot:4)
  A torpor snail (Lair:5)
  A rime drake (Lair:5)
  2 bloated husks (Swamp:3)
  A tarantella (Spider:2)
  A slime creature (Slime:3)
  A blink frog (Lair:2)
  A culicivora (Spider:4)
  A water elemental (Depths:3)
  3 vampire mosquitoes
  A redback (Spider:3)
  A floating eye (Depths:1)
  3 orc warriors
  2 centaurs
  2 ogres
  An orc wizard (D:10)
  A gnoll (D:10)
  2 orcs
  A hobgoblin (D:2)
  2 foxfires (Swamp:2)
  22 fungi
  63 plants
129 creatures vanquished.

Grand Total: 1784 creatures vanquished

Notes
Turn   | Place    | Note
-------+----------+-------------------------------------------
     0 | D:1      | Plasmagod the Minotaur Fighter began the quest for the Orb.
     0 | D:1      | Reached XP level 1. HP: 19/19 MP: 0/0
   262 | D:1      | Reached skill level 3 in Axes
   319 | D:1      | Reached XP level 2. HP: 26/26 MP: 1/1
   979 | D:2      | Reached skill level 4 in Axes
   984 | D:2      | Reached XP level 3. HP: 21/31 MP: 2/2
  1484 | D:2      | Found a faded altar of an unknown god.
  1609 | D:2      | Reached skill level 5 in Axes
  1934 | D:3      | Reached XP level 4. HP: 34/39 MP: 3/3
  2589 | D:4      | Reached skill level 6 in Axes
  2782 | D:4      | Found a staircase to the Ecumenical Temple.
  2784 | D:4      | Noticed a necrophage
  2800 | D:4      | Killed a necrophage
  2801 | D:4      | Reached XP level 5. HP: 36/45 MP: 4/4
  2833 | D:4      | Reached skill level 7 in Axes
  2857 | D:4      | Reached XP level 6. HP: 21/51 MP: 5/5
  2916 | D:4      | Reached skill level 8 in Axes
  2957 | D:4      | Found a sand-covered staircase.
  2967 | Ossuary  | Entered an ossuary
  3518 | Ossuary  | Noticed Menkaure
  3535 | Ossuary  | Killed Menkaure
  3536 | Ossuary  | Reached skill level 9 in Axes
  3536 | Ossuary  | Reached XP level 7. HP: 35/57 MP: 6/6
  3956 | D:4      | Found Xusugot's Distillery.
  3958 | D:4      | Found Asiud's Assorted Antiques.
  3958 | D:4      | Found Kiazogg's Distillery.
  3958 | D:4      | Found Hoiridgho's Book Boutique.
  3962 | D:4      | Found Exu Ducw's Magic Scroll Emporium.
  3962 | D:4      | Found Qaotom's Magic Scroll Shop.
  3978 | D:4      | Reached skill level 10 in Axes
  4267 | Temple   | Entered the Ecumenical Temple
  4272 | Temple   | Became a worshipper of Ru the Awakened
  4316 | D:4      | Reached skill level 11 in Axes
  4542 | D:5      | Entered Level 5 of the Dungeon
  4556 | D:5      | Reached XP level 8. HP: 63/64 MP: 7/7
  4612 | D:5      | Noticed Grinder
  4621 | D:5      | Killed Grinder
  4622 | D:5      | Reached skill level 12 in Axes
  5481 | D:5      | Found Racefamm's Book Shoppe.
  5617 | D:6      | Noticed Eustachio
  5621 | D:6      | Reached skill level 13 in Axes
  5644 | D:6      | Found Xomiod's Antique Weapon Shop.
  5657 | D:6      | Killed Eustachio
  5692 | D:6      | Reached skill level 14 in Axes
  5692 | D:6      | Reached XP level 9. HP: 10/70 MP: 8/8
  5939 | D:6      | Bought a steaming war axe for 280 gold pieces
  5939 | D:6      | Identified the +6 war axe of Hacking and Slashing {venom,
                  | rC+ Stlth+} (You bought it in a shop on level 6 of the
                  | Dungeon)
  6039 | D:6      | Gained mutation: You are sensitive to extremes of
                  | temperature. (rF-, rC-) [Ru sacrifice]
  6039 | D:6      | Reached * piety under Ru
  6039 | D:6      | Reached ** piety under Ru
  6303 | D:6      | Found a glowing silver altar of Zin.
  6585 | D:7      | Noticed Pikel
  6599 | D:7      | Killed Pikel
  6600 | D:7      | Reached skill level 15 in Axes
  7044 | D:7      | Reached skill level 16 in Axes
  7046 | D:7      | Noticed a boulder beetle
  7059 | D:7      | HP: 3/72 [boulder beetle (18)]
  7453 | D:7      | Reached skill level 5 in Fighting
  7825 | D:7      | Killed a boulder beetle
  7826 | D:7      | Reached XP level 10. HP: 33/86 MP: 9/9
  8007 | D:7      | Found a sparkling altar of Nemelex Xobeh.
  8228 | D:8      | Noticed a two-headed ogre
  8238 | D:8      | Killed a two-headed ogre
  8591 | D:8      | Gained mutation: You cannot study or use magical devices.
                  | [Ru sacrifice]
  8591 | D:8      | Reached *** piety under Ru
  8591 | D:8      | Reached **** piety under Ru
  8591 | D:8      | Reached ***** piety under Ru
  9072 | D:9      | Identified the +6 rapier "Elintuchie" {freeze, Fragile
                  | rPois rN++ Dex+3}
  9102 | D:9      | Reached skill level 10 in Fighting
  9215 | D:9      | Noticed Erolcha
  9222 | D:9      | Killed Erolcha
  9633 | D:10     | Entered Level 10 of the Dungeon
  9672 | D:10     | Found a flagged portal.
  9684 | Bailey   | Entered a bailey
  9736 | Bailey   | Found a large runed translucent door.
  9736 | Bailey   | Found a large runed translucent door.
  9740 | Bailey   | Noticed a deep elf pyromancer
  9743 | Bailey   | Noticed an orc knight
  9764 | Bailey   | Killed an orc knight
  9765 | Bailey   | Reached XP level 11. HP: 65/106 MP: 10/10
  9931 | Bailey   | Killed a deep elf pyromancer
 10069 | D:10     | Noticed a two-headed ogre
 10073 | D:10     | Noticed a wizard
 10081 | D:10     | Killed a two-headed ogre
 10086 | D:10     | Noticed a two-headed ogre
 10101 | D:10     | Killed a two-headed ogre
 10103 | D:10     | Killed a wizard
 10182 | D:10     | Noticed a two-headed ogre
 10192 | D:10     | Killed a two-headed ogre
 10350 | D:10     | Found a snail-covered altar of Cheibriados.
 10377 | D:10     | Identified the +1 demon whip of Disarray {flame, Str+3}
 10377 | D:10     | Noticed a deep elf pyromancer
 10379 | D:10     | Killed a deep elf pyromancer
 10380 | D:10     | Reached skill level 15 in Fighting
 10561 | D:10     | Gained mutation: You cannot be stealthy. [Ru sacrifice]
 10661 | D:10     | Reached skill level 5 in Shields
 10978 | D:11     | Noticed a white ugly thing
 10989 | D:11     | Killed a white ugly thing
 11055 | D:11     | Reached XP level 12. HP: 122/122 MP: 11/11
 11091 | D:11     | Found a staircase to the Lair.
 11427 | D:11     | Found a staircase to the Orcish Mines.
 11461 | D:11     | Found a runed translucent gate.
 11462 | D:11     | Found a runed translucent gate.
 11462 | D:11     | Noticed tensugalgo's ghost (journeyman OgNe)
 11463 | D:11     | Found a runed translucent gate.
 11844 | Orc:1    | Entered Level 1 of the Orcish Mines
 12009 | Orc:2    | Entered Level 2 of the Orcish Mines
 12094 | Orc:2    | Noticed Azrael
 12117 | Orc:1    | Reached skill level 10 in Shields
 12328 | Orc:2    | Killed Azrael
 12329 | Orc:2    | Noticed Josephine
 12339 | Orc:2    | Killed Josephine
 12372 | Orc:2    | Gained mutation: You are somewhat inexperienced. (-1 XL)
                  | [Ru sacrifice]
 12372 | Orc:2    | Reached XP level 11. HP: 57/114 MP: 10/10
 12372 | Orc:2    | Reached ****** piety under Ru
 12461 | Orc:2    | Noticed an ogre mage
 12528 | Orc:2    | Noticed a two-headed ogre
 12550 | Orc:2    | Killed a two-headed ogre
 12555 | Orc:2    | Killed an ogre mage
 12556 | Orc:2    | Reached skill level 5 in Armour
 12775 | D:4      | Bought a manual of Fighting for 800 gold pieces
 12939 | Lair:1   | Entered Level 1 of the Lair of Beasts
 13076 | Lair:1   | Found a runed translucent gate.
 13076 | Lair:1   | Noticed a four-headed hydra
 13078 | Lair:1   | Found a runed translucent gate.
 13079 | Lair:1   | Found a runed translucent gate.
 13084 | Lair:1   | Killed a four-headed hydra
 13085 | Lair:1   | Reached skill level 1 in Maces & Flails
 13107 | Lair:1   | Noticed Rimem's ghost (novice PaBe)
 13582 | Lair:1   | Reached XP level 12. HP: 120/125 MP: 11/11
 13831 | Lair:1   | Killed Rimem's ghost
 13832 | Lair:1   | Reached skill level 5 in Maces & Flails
 14503 | Lair:3   | Found a staircase to the Swamp.
 14555 | Lair:3   | Noticed Gastronok
 14570 | Lair:3   | Killed Gastronok
 14623 | Lair:3   | You fall into a shaft and drop 2 floors!
 14623 | Lair:5   | Entered Level 5 of the Lair of Beasts
 15061 | Lair:3   | Reached XP level 13. HP: 126/146 MP: 12/12
 15373 | Lair:3   | Found a hole to the Spider Nest.
 15647 | Lair:4   | Found a viscous altar of Jiyva.
 15647 | Lair:4   | Found a staircase to the Slime Pits.
 16602 | Lair:5   | Noticed Kene's ghost (journeyman SpEn)
 16625 | Lair:5   | Found a runed translucent gate.
 16625 | Lair:5   | Found a runed translucent gate.
 16625 | Lair:5   | Found a runed translucent gate.
 16784 | Lair:5   | Reached skill level 10 in Armour
 17244 | Lair:5   | Reached skill level 1 in Dodging
 17543 | Lair:5   | Killed Kene's ghost
 17905 | Orc:2    | Reached skill level 5 in Dodging
 18266 | Orc:2    | Reached XP level 14. HP: 137/155 MP: 13/13
 18285 | Orc:1    | You fall into a shaft and drop 1 floor!
 18299 | Orc:2    | Found a staircase to the Elven Halls.
 18323 | Orc:2    | Paralysed by an ogre mage for 3 turns
 18386 | Orc:2    | Found Dyza's Armour Boutique.
 18386 | Orc:2    | Found Kuemit's General Store.
 18386 | Orc:2    | Found Zulois's Jewellery Shoppe.
 18386 | Orc:2    | Found Vezemaocs's Antique Armour Shop.
 18431 | Orc:2    | Bought the amulet "Niugogol" {Reflect Str+3 SH+5 Stlth+}
                  | for 783 gold pieces
 19078 | D:12     | Reached skill level 10 in Dodging
 19132 | D:12     | You fall into a shaft and drop 3 floors!
 19132 | D:15     | Entered Level 15 of the Dungeon
 19171 | D:14     | Found a gate to the Vaults.
 20937 | D:14     | Noticed Louise
 20968 | D:14     | Killed Louise
 20973 | D:14     | Identified a scroll of acquirement
 20978 | D:14     | Acquired the ring of Brilliance {rElec rPois Dex+3}
 21630 | D:15     | Reached skill level 17 in Axes
 21707 | D:15     | Paralysed by an ogre mage for 4 turns
 21791 | D:15     | Reached skill level 18 in Axes
 22081 | D:15     | Reached XP level 15. HP: 83/162 MP: 14/14
 22835 | D:15     | Found a staircase to the Depths.
 23107 | Spider:1 | Entered Level 1 of the Spider Nest
 23117 | Spider:1 | Reached skill level 19 in Axes
 23454 | Spider:1 | Noticed Jorgrun
 23467 | Spider:1 | Killed Jorgrun
 23527 | Spider:1 | Noticed Frances
 23538 | Spider:1 | Killed Frances
 23747 | Spider:1 | Reached skill level 20 in Axes
 23754 | Spider:1 | Noticed Donald
 23764 | Spider:1 | Killed Donald
 24971 | Spider:2 | Reached skill level 21 in Axes
 24980 | Spider:2 | Noticed Arachne
 24996 | Spider:2 | Killed Arachne
 25469 | Spider:2 | Identified the +9 broad axe "Reimmun" {elec, rF+ rCorr}
 26706 | Spider:3 | Reached skill level 22 in Axes
 27441 | Spider:4 | Entered Level 4 of the Spider Nest
 27453 | Spider:4 | Reached XP level 16. HP: 151/170 MP: 15/15
 27810 | Spider:4 | Reached skill level 23 in Axes
 28804 | Spider:4 | Reached skill level 24 in Axes
 29091 | Spider:4 | Got a gossamer rune of Zot
 29349 | Swamp:1  | Entered Level 1 of the Swamp
 29470 | Swamp:1  | Found a runed translucent door.
 29471 | Swamp:1  | Noticed ksawer's ghost (journeyman MiFi)
 29528 | Swamp:1  | Identified the +1 robe of the Cooper {Dex+2}
 29634 | Swamp:1  | Found a frozen archway.
 29639 | Swamp:1  | Reached skill level 25 in Axes
 29668 | IceCv    | Entered an ice cave
 29677 | IceCv    | HP: 8/167 [minotaur simulacrum (39)]
 30613 | IceCv    | Identified the +2 pair of gloves "Surikkotut" {+Blink
                  | rPois}
 30902 | Swamp:1  | Reached XP level 17. HP: 107/178 MP: 16/16
 31489 | Swamp:1  | Killed ksawer's ghost
 31535 | Swamp:2  | Reached skill level 26 in Axes
 31567 | Swamp:2  | Found the +0 pair of fencer's gloves {Riposte Dex+3}
 32972 | Swamp:4  | Entered Level 4 of the Swamp
 33229 | Swamp:4  | Reached skill level 27 in Axes
 33747 | Swamp:4  | Got a decaying rune of Zot
 33838 | Slime:1  | Entered Level 1 of the Pits of Slime
 33870 | Slime:1  | Gained mutation: You occasionally lose the ability to read
                  | scrolls when taking damage. [a shining eye]
 34954 | Slime:3  | Reached skill level 15 in Armour
 34961 | Slime:3  | Gained mutation: You sometimes lose the ability to read
                  | scrolls when taking damage. [a shining eye]
 34963 | Slime:3  | Gained mutation: Your body sometimes deteriorates upon
                  | taking damage. [a shining eye]
 34987 | Slime:3  | Gained mutation: Your magical capacity is low. (-10% MP) [a
                  | shining eye]
 34989 | Slime:3  | Gained mutation: You are frail. (-10% HP) [a shining eye]
 35303 | Slime:3  | Gained mutation: You have hidden genetic defects. [a
                  | shining eye]
 35941 | Slime:3  | Reached XP level 18. HP: 152/166 MP: 15/15
 36253 | Slime:4  | Gained mutation: You are dopey. (Int -2) [a shining eye]
 36338 | Slime:4  | Gained mutation: You are weak. (Str -2) [a shining eye]
 36454 | Slime:4  | Gained mutation: You are very frail. (-20% HP) [hidden
                  | defects]
 36778 | Slime:5  | Entered Level 5 of the Pits of Slime
 36780 | Slime:5  | Gained mutation: You sometimes lose your temper in combat.
                  | [a shining eye]
 36784 | Slime:5  | Gained mutation: Your magical capacity is very low. (-20%
                  | MP) [a shining eye]
 36787 | Slime:5  | Gained mutation: You occasionally lose the ability to drink
                  | potions when taking damage. [a shining eye]
 37892 | Slime:5  | Gained mutation: You are extremely frail. (-30% HP) [hidden
                  | defects]
 37892 | Slime:5  | Lost mutation: You have hidden genetic defects. [hidden
                  | defects expressed]
 37941 | Slime:5  | Lost mutation: You are weak. (Str -2) [potion of mutation]
 37941 | Slime:5  | Lost mutation: Your magical capacity is very low. (-20% MP)
                  | [potion of mutation]
 37941 | Slime:5  | Gained mutation: You are partially covered in iridescent
                  | scales. (AC +2) [potion of mutation]
 37941 | Slime:5  | Lost mutation: You are partially covered in iridescent
                  | scales. (AC +2) [potion of mutation]
 37941 | Slime:5  | Gained mutation: Your muscles are strong. (Str +4, Int/Dex
                  | -1) [potion of mutation]
 37942 | Slime:5  | Lost mutation: You sometimes lose your temper in combat.
                  | [potion of mutation]
 37942 | Slime:5  | Lost mutation: You occasionally lose the ability to drink
                  | potions when taking damage. [potion of mutation]
 37942 | Slime:5  | Lost mutation: You sometimes lose the ability to read
                  | scrolls when taking damage. [potion of mutation]
 37942 | Slime:5  | Gained mutation: You occasionally lose the ability to drink
                  | potions when taking damage. [potion of mutation]
 37942 | Slime:5  | Lost mutation: You are dopey. (Int -2) [potion of mutation]
 37942 | Slime:5  | Gained mutation: You have a somewhat thin skeletal
                  | structure. (Dex +2, Stealth+) [potion of mutation]
 38002 | Slime:5  | Found a viscous altar of Jiyva.
 38002 | Slime:5  | Noticed the Royal Jelly
 38036 | Slime:5  | Killed the Royal Jelly
 38277 | Slime:5  | Lost mutation: You have a somewhat thin skeletal structure.
                  | (Dex +2, Stealth+) [potion of mutation]
 38277 | Slime:5  | Lost mutation: You occasionally lose the ability to read
                  | scrolls when taking damage. [potion of mutation]
 38277 | Slime:5  | Lost mutation: Your muscles are strong. (Str +4, Int/Dex
                  | -1) [potion of mutation]
 38277 | Slime:5  | Gained mutation: You occasionally lose the ability to read
                  | scrolls when taking damage. [potion of mutation]
 38277 | Slime:5  | Gained mutation: You are covered in fur. (AC +1) [potion of
                  | mutation]
 38278 | Slime:5  | Lost mutation: You occasionally lose the ability to read
                  | scrolls when taking damage. [potion of mutation]
 38278 | Slime:5  | Lost mutation: You are extremely frail. (-30% HP) [potion
                  | of mutation]
 38278 | Slime:5  | Lost mutation: You are very frail. (-20% HP) [potion of
                  | mutation]
 38278 | Slime:5  | Gained mutation: Your flesh is heat resistant. (rF+)
                  | [potion of mutation]
 38278 | Slime:5  | Gained mutation: You expend magic power (3 MP) to
                  | strengthen your wands. [potion of mutation]
 38278 | Slime:5  | Gained mutation: You have sharp toenails. [potion of
                  | mutation]
 38281 | Slime:5  | Got a slimy rune of Zot
 38282 | Slime:5  | Identified the +8 falchion of Guile {flame, rElec Int-3
                  | Dex+2 SInv}
 38312 | Slime:5  | Identified the ring of Inlysh {rF+ rC- Str+5 Int+6}
 38327 | Slime:5  | Identified the +2 robe "Weasa" {rPois Will+ Str+3 Int+3}
 38337 | Slime:5  | Identified the +2 robe of Heresy {+Blink rPois Int-4 Dex+2}
 38358 | Slime:5  | Identified the -1 pair of boots "Kimovump" {Int+4}
 38389 | Slime:5  | Lost mutation: You are frail. (-10% HP) [potion of
                  | mutation]
 38389 | Slime:5  | Lost mutation: Your body sometimes deteriorates upon taking
                  | damage. [potion of mutation]
 38389 | Slime:5  | Gained mutation: Your movements are slightly less
                  | encumbered by armour. (ER -2) [potion of mutation]
 38389 | Slime:5  | Gained mutation: You occasionally shout uncontrollably at
                  | your foes. [potion of mutation]
 38389 | Slime:5  | Gained mutation: You are agile. (Dex +4, Str/Int -1)
                  | [potion of mutation]
 38711 | Depths:1 | Entered Level 1 of the Depths
 38924 | Depths:1 | Paralysed by a floating eye for 3 turns
 39358 | Depths:1 | Found a hazy altar of Hepliaklqana.
 39501 | Depths:1 | You fall into a shaft and drop 1 floor!
 39984 | Depths:1 | Reached XP level 19. HP: 193/193 MP: 16/16
 40052 | Depths:1 | Found an opulent altar of Gozag.
 40155 | Depths:1 | Found a gateway to Hell.
 40191 | Depths:1 | Found a corrupted altar of Lugonu.
 40192 | Depths:1 | Found a one-way gate to the infinite horrors of the Abyss.
 40344 | Depths:1 | Found a one-way gate leading to the halls of Pandemonium.
 40825 | Depths:2 | Noticed a golden dragon
 40832 | Depths:2 | Killed a golden dragon
 40847 | Depths:2 | Noticed a golden dragon
 40857 | Depths:2 | Killed a golden dragon
 41233 | Depths:2 | Noticed a golden dragon
 41233 | Depths:2 | an iron dragon changed into a golden dragon
 41242 | Depths:2 | a golden dragon changed into a shadow dragon
 41572 | Depths:2 | Found a runed translucent gate.
 41573 | Depths:2 | Found a runed translucent gate.
 41574 | Depths:2 | Found a runed translucent gate.
 41576 | Depths:2 | Noticed Qoufonk's ghost (veteran GrFi)
 42726 | Depths:3 | Noticed a golden dragon
 42736 | Depths:3 | Killed a golden dragon
 42819 | Depths:3 | Identified the +9 falchion of Disaster {vorpal, Fly rF+
                  | Stlth+}
 42847 | Depths:3 | Noticed a golden dragon
 42854 | Depths:3 | Killed a golden dragon
 43269 | Depths:4 | Entered Level 4 of the Depths
 43269 | Depths:4 | Noticed a bone dragon
 43287 | Depths:4 | Killed a bone dragon
 43290 | Depths:4 | Reached skill level 15 in Dodging
 43635 | Depths:4 | Found a gate to the Realm of Zot.
 44557 | Depths:4 | Found a one-way gateway to a ziggurat.
 45212 | Zot:1    | Entered Level 1 of the Realm of Zot
 45255 | Zot:1    | Noticed a golden dragon
 45271 | Zot:1    | Killed a golden dragon
 45272 | Zot:1    | Reached XP level 20. HP: 194/202 MP: 17/17
 45369 | Zot:1    | Noticed a golden dragon
 45380 | Zot:1    | Killed a golden dragon
 46604 | Zot:1    | Acquired 1141 gold pieces
 46606 | Zot:1    | Acquired a +4 broad axe of venom
 46608 | Zot:1    | Acquired 910 gold pieces
 46610 | Zot:1    | Acquired the +10 war axe "Pokkedgh" {vorpal, rC+ rN+ Will+}
 47033 | Zot:2    | Noticed a curse toe
 47055 | Zot:2    | Killed a curse toe
 47056 | Zot:2    | Reached skill level 15 in Shields
 47888 | Zot:2    | Noticed a golden dragon
 47891 | Zot:2    | Killed a golden dragon
 48010 | Zot:2    | Noticed a golden dragon
 48018 | Zot:2    | Killed a golden dragon
 48040 | Zot:2    | Noticed a Killer Klown
 48070 | Zot:2    | Killed a Killer Klown
 48971 | Zot:3    | Noticed a golden dragon
 48979 | Zot:3    | Killed a golden dragon
 49225 | Zot:3    | Found a transporter.
 49651 | Zot:3    | Found a runed translucent door.
 49652 | Zot:3    | Noticed a golden dragon
 49652 | Zot:3    | Noticed Kebianal's ghost (legendary MiBe)
 49720 | Zot:3    | Noticed Vv
 49747 | Zot:3    | Killed Vv
 49949 | Zot:3    | Identified the +6 short sword "Nosuhar" {venom, Str+2 SInv}
 50080 | Zot:4    | Reached XP level 21. HP: 180/189 MP: 9/17
 50508 | Zot:4    | Found a transporter.
 50557 | Zot:4    | Noticed a golden dragon
 50563 | Zot:4    | Killed a golden dragon
 51036 | Zot:4    | Identified the +9 morningstar "Itigog" {vorpal, Int+5}
 51452 | Zot:4    | Found a transporter.
 52176 | Zot:4    | Upgraded the game from 0.30-a0-7-g94fe547ab8 to
                  | 0.30-a0-21-g5d08c37080
 52178 | Zot:5    | Entered Level 5 of the Realm of Zot
 52219 | Zot:5    | Noticed an ancient lich
 52219 | Zot:5    | Noticed a dread lich
 52226 | Zot:5    | Killed a dread lich
 52228 | Zot:5    | Killed an ancient lich
 52252 | Zot:5    | Noticed a dread lich
 52260 | Zot:5    | Noticed a golden dragon
 52260 | Zot:5    | Noticed a Killer Klown
 52263 | Zot:5    | Noticed an orb of fire
 52265 | Zot:5    | Noticed a Killer Klown
 52266 | Zot:5    | Noticed a dread lich
 52269 | Zot:5    | Noticed a dread lich
 52271 | Zot:5    | Killed a dread lich
 52275 | Zot:5    | Killed a Killer Klown
 52280 | Zot:5    | Killed an orb of fire
 52285 | Zot:5    | Killed a Killer Klown
 52285 | Zot:5    | Killed a dread lich
 52291 | Zot:5    | Killed a dread lich
 52294 | Zot:5    | Killed a golden dragon
 52296 | Zot:5    | HP: 5/222 [Orb Guardian (19)]
 52298 | Zot:5    | Demolished by an Orb Guardian

Illustrated notes

Levels and vault maps discovered:
D:1:      dpeg_arrival_three_bigger_balls, layout_loops_ring, serial_forest,
          infiniplex_forest_clump_tiny, infiniplex_forest_corner_1,
          infiniplex_forest_end_2, infiniplex_forest_clump_medium,
          infiniplex_forest_clump_tiny, infiniplex_forest_clump_long,
          infiniplex_forest_clump_C, infiniplex_forest_clump_small
D:2:      layout_loops_ring, hellmonk_ecumenical_altar_run_dry,
          lemuel_old_faithful
D:3:      layout_basic, serial_co_window_serial, co_window_of_opportunity_a,
          co_window_paths_b, co_window_paths_b, co_window_paths_b,
          co_window_paths_a, co_window_unsneaky_path_b, co_window_corner_b,
          co_window_corner_ca, co_window_4corner_a, glass_columns_b,
          glass_columns_b, glass_columns_b
D:4:      layout_basic, minmay_temple_entry_trees, nicolae_ossuary_entry_ruins,
          nicolae_wooded_promenade
D:5:      layout_loops_cross, serial_shops, nicolae_square_shop, uniq_grinder
D:6:      layout_cave_pools, zin_academy, serial_shops,
          nicolae_shop_hallway_stairs, minmay_mini_ossuary, uniq_eustachio
D:7:      layout_cave_pools, nemelex_dance_club_becter, uniq_pikel
D:8:      wander_river, layout_layer_cave
D:9:      layout_gridville, uniq_erolcha
D:10:     minmay_firetagon, layout_small_grid, slow_altar_2, enter_bailey_4,
          grunt_potential
D:11:     layout_loops_ring, grunt_lair_entry_orc_guard_hut, david_orc_3,
          gammafunk_ghost_spectres
D:12:     layout_basic
D:13:     layout_cross
D:14:     layout_cave_pods, david_vaults_2, glass_columns_a, uniq_louise
D:15:     grunt_enter_depths_magical_seal, layout_long_grid, moated_statue
Temple:   hellmonk_temple_of_storms
Lair:1:   layout_gridlike, ebering_ghost_rock_garden, st_stairs_3
Lair:2:   layout_loops_ring
Lair:3:   layout_long_grid, skrybe_swamp_entry_bodies,
          spider_nest_entry_funnel_web, dreamdust_mushroom_princess,
          serial_bayou_shore_a, uniq_gastronok
Lair:4:   layout_layer_cave, slime_entry_1, infiniplex_staircase_pool
Lair:5:   hangedman_lair_in_review, layout_misc_corridors,
          guppyfry_lair_end_dragon, maelrawn_ghost_gauntlet_escape,
          serial_bayou_pond_c
Swamp:1:  layout_falls_marsh, portal_ice_cave_entry_ugly_swarm,
          hellmonk_ghost_happy_afterlife, evilmike_swamp_ruin_house_2,
          swamp_pool3
Swamp:2:  layout_basic_swamp, evilmike_swamp_ruin_house_4, swamp_pool1,
          hangedman_swamp_blocks
Swamp:3:  layout_falls_marsh, nicolae_swamp_rocky_clearing
Swamp:4:  swamp, layout_basic_swamp
Spider:1: layout_spider_delve, uniq_jorgrun, uniq_frances, uniq_donald
Spider:2: layout_cave_pods, uniq_arachne
Spider:3: layout_spider_delve
Spider:4: spider_rune_water
Slime:1:  layout_caves
Slime:2:  layout_caves
Slime:3:  layout_caves
Slime:4:  layout_caves
Slime:5
Orc:1:    layout_caves, lightli_orcish_oven
Orc:2:    st_orc_ogre_mass, layout_caves, basic_altar, uniq_josephine,
          uniq_azrael
Depths:1: layout_basic, grunt_gozag_breadcrumbs, hell_entry,
          abyss_entry_flame_altar, rand_demon_pan_entry_1,
          worldfamousw_hep_ancestral_shrine
Depths:2: minmay_the_grid_net [minmay_the_grid_square_x, minmay_the_grid_eight,
          minmay_the_grid_spin_star, minmay_the_grid_fan,
          minmay_the_grid_all_tris, minmay_the_grid_prize_big_room],
          layout_long_grid, hell_entry, gammafunk_ghost_tricky_traps, pan_entry,
          nicolae_two_hexagons, columned_hall_lemuel, serial_bayou_pond_c,
          glass_columns_b, infiniplex_staircase_split_hallway
Depths:3: minmay_stepped, layout_cave_pools, dk_noncrumbling_3,
          hangedman_coc_ice_floe, abyss_entry
Depths:4: evilmike_zot_entry_diamond, layout_gridlike, enter_ziggurat_e,
          hellmouth_2, chequers_serial_rivers_large_a, grunt_pan_entry_sceptre
Zot:1:    layout_basic
Zot:2:    layout_onion_interference, st_single_dragon_hoard_4
Zot:3:    layout_twisted_circle, ebering_ghost_inner_flame,
          st_single_dragon_hoard_1, nicolae_diode_basic, uniq_vv
Zot:4:    gammafunk_dig_for_victory, layout_cathedral_of_symmetry,
          evilmike_ambush [evilmike_ambush_outer_basic,
          evilmike_ambush_inner_wall_1]
Zot:5:    layout_misc_corridors, kennysheep_underground_church

Skill      XL: |  1  2  3  4  5  6  7  8  9 10 11 12 13 14 15 16 17 18 19 20 21 |
---------------+----------------------------------------------------------------+-----
Axes           | 3 4 5 6 7 9 11 14 16 18 22 25 27 | 27.0
Fighting       | 7 12 17 22 26 | 26.5
Shields        | 12 11 19 | 19.0
Armour         | 5 12 16 21 22 | 22.4
Maces & Flails | 4 6 |  6.0
Dodging        | 8 12 16 17 | 17.0

Action                   |  1- 3 |  4- 6 |  7- 9 | 10-12 | 13-15 | 16-18 | 19-21 || total
-------------------------+-------+-------+-------+-------+-------+-------+-------++-------
Melee: War axe           |    63 |   157 |   270 |   691 |   894 |       |    33 ||  2108
       Headbutt          |     8 |    31 |    37 |   140 |   285 |   300 |   335 ||  1136
       Demon whip        |       |       |       |    26 |    33 |    37 |       ||    96
       Broad axe         |       |       |       |       |   137 |   950 |   872 ||  1959
Throw: Dart              |       |       |     5 |     8 |     1 |     1 |       ||    15
Invok: Sacrifice Resista |       |       |     1 |       |       |       |       ||     1
       Power Leap        |       |       |       |     2 |     1 |     5 |     1 ||     9
       Sacrifice Artific |       |       |       |     1 |       |       |       ||     1
       Draw Out Power    |       |       |       |     2 |     2 |     4 |     2 ||    10
       Apocalypse        |       |       |       |     1 |     1 |     2 |     3 ||     7
       Sacrifice Stealth |       |       |       |     1 |       |       |       ||     1
       Sacrifice Experie |       |       |       |     1 |       |       |       ||     1
  Use: Scroll            |       |     5 |    13 |     9 |     4 |     4 |    15 ||    50
       Potion            |       |     1 |       |     1 |     1 |    14 |     6 ||    23
 Stab: Distracted        |       |       |     1 |     4 |     2 |     6 |     6 ||    19
       Paralysed         |       |       |       |     7 |     4 |     9 |    11 ||    31
       Invisible         |       |       |       |     7 |    10 |     9 |     5 ||    31
       Confused          |       |       |       |       |       |     1 |       ||     1
Armor: Scale mail        |    26 |    57 |   110 |   120 |       |       |       ||   313
       Plate armour      |       |       |       |   178 |   489 |   325 |   246 ||  1238
       Skin              |       |       |       |       |       |       |     6 ||     6
Dodge: Dodged            |    32 |    39 |    64 |   154 |   255 |   262 |   364 ||  1170
Block: Buckler           |    10 |    19 |    30 |    14 |       |       |       ||    73
       Kite shield       |       |       |       |   213 |   636 |   622 |   570 ||  2041
       Reflection        |       |       |       |       |    35 |    11 |     6 ||    52
       Rpst.: Broad axe  |       |       |       |       |       |   107 |   206 ||   313
       Demon whip        |       |       |       |       |       |    14 |       ||    14
       War axe           |       |       |       |       |       |       |     5 ||     5

Table legend: (Time is in decaauts)
 A = Elapsed time spent in this place.
 B = Non-inter-level travel time spent in this place.
 C = Inter-level travel time spent in this place.
 D = Time resting spent in this place.
 E = Time spent auto-exploring this place.
 F = Levels seen in this place.
 G = Mean time per level.
                   A        B        C        D        E       F      G
               +--------+--------+--------+--------+--------+-----+--------+
         Total |  51933 |  49063 |   2870 |   8374 |  30712 |  48 | 1081.9 |
       Dungeon |  15586 |  14361 |   1225 |   1399 |  10752 |  15 | 1039.1 |
        Temple |     10 |     10 |      0 |      0 |      0 |   1 |   10.0 |
          Lair |   5020 |   4413 |    607 |      0 |   3448 |   5 | 1004.0 |
         Swamp |   3409 |   3252 |    157 |     53 |   2442 |   4 |  852.2 |
   Spider Nest |   6138 |   5948 |    190 |    665 |   4344 |   4 | 1534.5 |
    Slime Pits |   4558 |   4278 |    280 |   1481 |   1790 |   5 |  911.6 |
  Orcish Mines |   1529 |   1446 |     83 |    132 |    870 |   2 |  764.5 |
        Depths |   6436 |   6318 |    118 |   1130 |   4266 |   4 | 1609.0 |
           Zot |   6937 |   6729 |    208 |   2818 |   1694 |   5 | 1387.4 |
       Ossuary |    805 |    805 |      0 |    124 |    447 |   1 |  805.0 |
        Bailey |    316 |    316 |      0 |      0 |    194 |   1 |  316.0 |
      Ice Cave |   1185 |   1185 |      0 |    571 |    462 |   1 | 1185.0 |
               +--------+--------+--------+--------+--------+-----+--------+

Top non-repeatable levels by time:
   Zot:3: 1774 daAuts
Spider:2: 1769 daAuts
   Zot:2: 1739 daAuts
Depths:4: 1703 daAuts
   Zot:1: 1672 daAuts
   Zot:4: 1668 daAuts
     D:6: 1615 daAuts
Depths:3: 1601 daAuts
Depths:2: 1598 daAuts
Spider:1: 1548 daAuts
Depths:1: 1532 daAuts
Spider:4: 1521 daAuts
    D:15: 1366 daAuts
  Lair:5: 1299 daAuts
Spider:3: 1298 daAuts
